 Dungeon Crawl Stone Soup version 0.30-a0-42-g806c11bf1d (webtiles) character file.

Game seed: 8839048793765098530

90 Pereli the Vexing (level 4, -1/21 HPs)
             Began as a Spriggan Enchanter on Aug 30, 2022.
             Succumbed to an adder's poison
             ... in a sewer.
             The game lasted 00:05:15 (3070 turns).

Pereli the Vexing (Spriggan Enchanter)              Turns: 3070, Time: 00:05:16

Health: -1/21      AC:  1    Str:  6    XL:     4   Next: 32%
Magic:  5/11       EV: 17    Int: 16    God:
Gold:   843        SH:  0    Dex: 15    Spells: 3/11 levels left

rFire   . . .      SeeInvis +    a - +1 dagger
rCold   + . .      Faith    .    (no shield)
rNeg    . . .      Spirit   .    b - +0 robe
rPois   .          Reflect  .    (helmet restricted)
rElec   .          Harm     .    (no cloak)
rCorr   .          Rampage  .    (gloves unavailable)
Will    ++...                    (boots unavailable)
Stlth   +++.......               (no amulet)
HPRegen 0.07/turn                h - ring of willpower
MPRegen 0.12/turn                k - ring of willpower

@: lethally poisoned (-1 -> -9), very quick
A: very small, no large weapons, unfitting armour, see invisible, speed 3, cold
resistance 1, deformed body, evolution 1
a: no special abilities


You were in a sewer.
You visited 1 branch of the dungeon, and saw 3 of its levels.
You also visited: Sewer.

You collected 843 gold pieces.

Inventory:

Hand Weapons
 a - a +1 dagger (weapon)
Armour
 b - a +0 robe (worn)
Jewellery
 h - a ring of willpower (left hand)
 k - a ring of willpower (right hand)
 n - a ring of magical power
Scrolls
 d - a scroll of torment
 i - 4 scrolls of teleportation
Potions
 c - 2 potions of invisibility
 e - a potion of resistance
 f - a potion of brilliance
 j - a potion of mutation
 m - a potion of flight {unknown}


   Skills:
 - Level 1.1 Short Blades
 - Level 2.6 Dodging
 - Level 4.4 Stealth
 + Level 4.4 Spellcasting
 + Level 5.1 Hexes


You had 3 spell levels left.
You knew the following spells:

 Your Spells              Type           Power      Damage    Failure   Level
a - Ensorcelled Hibernat  Hex/Ice        22%        N/A       9%          2
b - Tukima's Dance        Hex            20%        N/A       6%          3
d - Confusing Touch       Hex            20%        N/A       6%          3

Your spell library contained the following spells:

 Spells                   Type           Power      Damage    Failure   Level
 Dazzling Flash           Conj/Hex       22%        N/A       17%         3


Dungeon Overview and Level Annotations

Branches:
Dungeon (3/15)              Sewer (1/1)

Altars:


Innate Abilities, Weirdness & Mutations

You are very small and have problems with some larger weapons.
You are too small for most types of armour.
You have supernaturally acute eyesight. (SInv)
You cover ground extremely quickly. (Speed+++)
Your flesh is cold resistant. (rC+)
Armour fits poorly on your strangely shaped body.
You have hidden genetic potential.


Message History

You kill the ball python!
You feel sick. The adder misses you.
Casting: Ensorcelled Hibernation (safe; 9% risk of failure)
Confirm with . or Enter, or press ? or * to list all spells.
Aiming: Ensorcelled Hibernation (safe; 9% risk of failure)
Press: ? - help, Shift-Dir - straight line, f - adder
Aim: an adder (water, chance to affect: 53%)
The adder resists with significant effort.
You feel sick. The adder closely misses you. The adder bites you.
Unknown command.
Casting: Ensorcelled Hibernation (safe; 9% risk of failure)
Confirm with . or Enter, or press ? or * to list all spells.
Aiming: Ensorcelled Hibernation (safe; 9% risk of failure)
Press: ? - help, Shift-Dir - straight line, f/p - adder
Aim: an adder (water, chance to affect: 53%)
The adder resists with significant effort.
You feel sick. The adder barely misses you.
Unknown command.
Okay, then.
Unknown command.
Unknown command.
It was a potion of might.
You feel very mighty all of a sudden.
You feel sick. The adder bites you.
* * * LOW HITPOINT WARNING * * *
The rat misses you.
Unknown command.
You puncture the adder!
The adder is severely wounded.
You feel sick.
You are no longer poisoned.
The adder barely misses you. The adder bites you.
* * * LOW HITPOINT WARNING * * *
You are lethally poisoned!
The adder poisons you!
It was a potion of cancellation.
Your magical effects are unravelling.
You feel magically purged.
You feel a little less mighty now.
You die...

#......##
#......#
##.....#
#≈≈r≈≈≈#
#≈≈r≈≈≈#
#≈≈r≈≈≈#
#≈≈~≈≈≈#
#≈Sr≈≈≈#
#≈@r≈≈≈#
#≈≈≈~≈≈#
#≈≈≈~.≈#
#≈≈≈~≈≈#
#≈≈~≈≈≈#
#≈≈~≈≈≈#
#≈≈~≈≈≈#
#≈≈~≈≈≈#
#≈≈≈~≈≈#


You could see an adder and 5 rats.

Vanquished Creatures
  4 adders
  A dart slug (D:1)
  2 orcs
  5 ball pythons
  6 bats
  An endoplasm (D:1)
  5 giant cockroaches
  5 goblins
  7 hobgoblins
  3 kobolds
  2 quokkas (D:3)
  4 rats
45 creatures vanquished.

Notes
Turn   | Place    | Note
-------+----------+-------------------------------------------
     0 | D:1      | Pereli the Spriggan Enchanter began the quest for the Orb.
     0 | D:1      | Reached XP level 1. HP: 9/9 MP: 5/5
    95 | D:1      | Found a faded altar of an unknown god.
   342 | D:1      | Reached skill level 4 in Hexes
   605 | D:1      | Reached XP level 2. HP: 10/13 MP: 7/7
   608 | D:1      | Learned a level 2 spell: Ensorcelled Hibernation
  1698 | D:2      | Reached XP level 3. HP: 13/16 MP: 1/9
  1702 | D:2      | Learned a level 3 spell: Tukima's Dance
  1706 | D:2      | Learned a level 3 spell: Confusing Touch
  2026 | D:2      | Gained mutation: You have hidden genetic potential. [potion
                  | of mutation]
  2026 | D:2      | Gained mutation: Armour fits poorly on your strangely
                  | shaped body. [potion of mutation]
  2741 | D:2      | Identified a scroll of acquirement
  2741 | D:2      | Acquired 732 gold pieces
  2887 | D:3      | Reached XP level 4. HP: 13/21 MP: 8/11
  2895 | D:3      | Reached skill level 5 in Hexes
  2922 | D:3      | Gained mutation: Your flesh is cold resistant. (rC+)
                  | [hidden potential]
  2933 | D:3      | Found a glowing drain.
  2937 | Sewer    | Entered a sewer
  3069 | Sewer    | HP: 1/21 [adder (3)]
  3070 | Sewer    | Succumbed to an adder's poison

Illustrated notes

Levels and vault maps discovered:
D:1:      dpeg_arrival_rooms_c, layout_basic,
          shapermc_ecumenical_altar_mp_urbaneastern, hangedman_feature_mirror,
          chequers_big_river, amcnicky_mini_rare_corridor_liquid,
          nrook_mini_vaults, nicolae_concentric_dashed_squares_wild
D:2:      layout_rooms, minmay_pentomino_pile
D:3:      layout_rooms, gup_sewer_entry_spiral, minmay_diced_spiral
Sewer:    sewer_minmay_w

Skill      XL: |  1  2  3  4 |
---------------+-------------+-----
Spellcasting   | 3 4 |  4.4
Hexes          | 4 5 |  5.1
Short Blades   | |  1.1
Dodging        | |  2.6
Stealth        | |  4.4

Action                   |  1- 3 |  4- 6 || total
-------------------------+-------+-------++-------
Melee: Dagger            |   125 |    13 ||   138
       Punch             |     2 |       ||     2
 Cast: Ensorcelled Hiber |    11 |     7 ||    18
  Use: Scroll            |     7 |       ||     7
       Potion            |     1 |     2 ||     3
 Stab: Sleeping          |    17 |     3 ||    20
       Distracted        |     2 |       ||     2
Armor: Robe              |    10 |     1 ||    11
Dodge: Dodged            |    93 |    23 ||   116

Table legend: (Time is in decaauts)
 A = Elapsed time spent in this place.
 B = Non-inter-level travel time spent in this place.
 C = Inter-level travel time spent in this place.
 D = Time resting spent in this place.
 E = Time spent auto-exploring this place.
 F = Levels seen in this place.
 G = Mean time per level.
                   A        B        C        D        E       F      G
               +--------+--------+--------+--------+--------+-----+--------+
         Total |   2501 |   2471 |     30 |    203 |   1832 |   4 |  625.2 |
       Dungeon |   2366 |   2336 |     30 |    203 |   1721 |   3 |  788.7 |
         Sewer |    134 |    134 |      0 |      0 |    111 |   1 |  134.0 |
               +--------+--------+--------+--------+--------+-----+--------+

Top non-repeatable levels by time:
     D:1: 1151 daAuts
     D:2: 1086 daAuts
   Sewer: 134 daAuts
     D:3: 129 daAuts
